TOP OF THE 1ST |
Chicago Gold Sox batting - Pitching for Wizarding Express : RHP Gabe Stephenson
|
Pitching: RHP Gabe Stephenson
|
|
Batting: LHB Stanley Belote
|
0-0: Called Strike 0-1: Ball 1-1: SINGLE (Line Drive, 9LS)
|
Batting: LHB Noel Ballard
|
0-0: Called Strike 0-1: Ball 1-1: Ball 2-1: Ball 3-1: Base on Balls Stanley Belote to second
|
Batting: LHB Melvin Castro
|
0-0: Ball 1-0: Fly out, F3 (Popup, 3SF)
|
Batting: LHB Dewitt Hopper
|
0-0: Ball 1-0: Ball 2-0: Ball 3-0: Called Strike 3-1: Base on Balls Stanley Belote to third Noel Ballard to second
|
Batting: SHB Lupo Cotto
|
0-0: Ball 1-0: SINGLE (Groundball, 34D) Stanley Belote scores Noel Ballard to third Dewitt Hopper to second Runner from 3rd tries for Home, throw and OUT!
|
Batting: LHB Ricardo Collazo
|
0-0: Called Strike 0-1: Ball 1-1: Foul Ball, location: 2F 1-2: Foul Ball, location: 2F 1-2: Ball 2-2: Foul Ball, location: 2F 2-2: Foul Ball, location: 2F 2-2: 3-RUN HOME RUN (Line Drive, 9LD), Distance : 326 ft
|
Batting: LHB Eddie Flynn
|
0-0: Ball 1-0: Ball 2-0: Ball 3-0: Base on Balls
|
Batting: RHB Zeus Preckwinkle
|
0-0: Called Strike 0-1: Swinging Strike 0-2: Strikes out swinging
|
Top of the 1st over - 4 runs, 3 hits, 0 errors, 1 left on base; Chicago 4 - Wizarding 0 |
BOTTOM OF THE 1ST |
Wizarding Express batting - Pitching for Chicago Gold Sox : RHP Gordon Neugebauer
|
Pitching: RHP Gordon Neugebauer
|
|
Batting: LHB José Corona
|
0-0: Called Strike 0-1: Ball 1-1: Ball 2-1: Swinging Strike 2-2: Ball 3-2: Base on Balls
|
Batting: SHB Salvador Trevino
|
0-0: Ball 1-0: Foul Ball, location: 2F 1-1: Foul Ball, location: 2F 1-2: Foul Ball, location: 2F 1-2: Foul Ball, location: 2F 1-2: Hit by Pitch José Corona to second
|
Batting: LHB Nathan Tanner
|
0-0: Called Strike 0-1: Foul Ball, location: 2F 0-2: Ball 1-2: Fly out, F8 (Flyball, 78M)
|
Batting: RHB António Martínez
|
0-0: Foul Ball, location: 2F 0-1: Called Strike Salvador Trevino is caught stealing 2nd base 0-2: Ground out 6-3 (Groundball, 6)
|
Bottom of the 1st over - 0 runs, 0 hits, 0 errors, 1 left on base; Chicago 4 - Wizarding 0 |
TOP OF THE 2ND |
Chicago Gold Sox batting - Pitching for Wizarding Express : RHP Gabe Stephenson
|
Batting: RHB Matt Love
|
0-0: Fly out, F7 (Flyball, 7S)
|
Batting: LHB Stanley Belote
|
0-0: Ball 1-0: Ball 2-0: Ball 3-0: Called Strike 3-1: Base on Balls
|
Batting: LHB Noel Ballard
|
0-0: Called Strike 0-1: Called Strike 0-2: Ball 1-2: Ball 2-2: SINGLE (Line Drive, 34D) Stanley Belote to second
|
Batting: LHB Melvin Castro
|
0-0: Ball Stanley Belote steals 3rd base Noel Ballard to second 1-0: Foul Ball, location: 2F 1-1: Ball 2-1: Foul Ball, location: 2F 2-2: Foul Ball, location: 2F 2-2: DOUBLE (Flyball, 89D) Stanley Belote scores Noel Ballard scores
|
Batting: LHB Dewitt Hopper
|
0-0: Ball 1-0: Fly out, F9 (Flyball, 9LM)
|
Batting: SHB Lupo Cotto
|
0-0: Called Strike 0-1: Ball 1-1: Ball 2-1: Ball 3-1: Base on Balls
|
Batting: LHB Ricardo Collazo
|
0-0: Foul Ball, location: 2F 0-1: Swinging Strike 0-2: Strikes out swinging
|
Top of the 2nd over - 2 runs, 2 hits, 0 errors, 2 left on base; Chicago 6 - Wizarding 0 |
BOTTOM OF THE 2ND |
Wizarding Express batting - Pitching for Chicago Gold Sox : RHP Gordon Neugebauer
|
Batting: LHB David Breitling
|
0-0: Called Strike 0-1: Ball 1-1: Ball 2-1: Called Strike 2-2: Foul Ball, location: 2F 2-2: Ball 3-2: SOLO HOME RUN (Flyball, 89XD), Distance : 385 ft
|
Batting: SHB Fernando Sánchez
|
0-0: Ball 1-0: Ball 2-0: Called Strike 2-1: DOUBLE (Flyball, 89XD)
|
Batting: RHB Rafael Arredondo
|
0-0: Ball 1-0: Foul Ball, location: 2F 1-1: Ball 2-1: Foul Ball, location: 2F 2-2: Ground out 6-3 (Groundball, 56)
|
Batting: RHB Frank Grimes
|
0-0: Called Strike 0-1: SINGLE (Flyball, 7S) Fernando Sánchez to third
|
Batting: SHB Jake Richardson
|
0-0: Ball 1-0: Ball 2-0: Called Strike 2-1: Ground out 3-1 (Groundball, 3) Fernando Sánchez scores Frank Grimes to second
|
Batting: LHB José Corona
|
0-0: Foul Ball, location: 2F 0-1: Ball 1-1: Ball 2-1: Foul Ball, location: 2F 2-2: Foul Ball, location: 2F 2-2: Strikes out swinging
|
Bottom of the 2nd over - 2 runs, 3 hits, 0 errors, 1 left on base; Chicago 6 - Wizarding 2 |
TOP OF THE 3RD |
Chicago Gold Sox batting - Pitching for Wizarding Express : RHP Gabe Stephenson
|
Batting: LHB Eddie Flynn
|
0-0: Ball 1-0: Ball 2-0: Ball 3-0: Called Strike 3-1: Swinging Strike 3-2: Foul Ball, location: 2F 3-2: Base on Balls
|
Batting: RHB Zeus Preckwinkle
|
0-0: Ball 1-0: Grounds into double play, 6-4-3 (Groundball, 6)
|
Batting: RHB Matt Love
|
0-0: Called Strike 0-1: Ball 1-1: Ground out 5-3 (Groundball, 56)
|
Top of the 3rd over - 0 runs, 0 hits, 0 errors, 0 left on base; Chicago 6 - Wizarding 2 |
BOTTOM OF THE 3RD |
Wizarding Express batting - Pitching for Chicago Gold Sox : RHP Gordon Neugebauer
|
Batting: SHB Salvador Trevino
|
0-0: Fly out, F9 (Flyball, 9D)
|
Batting: LHB Nathan Tanner
|
0-0: Ball 1-0: Ground out 6-3 (Groundball, 56D)
|
Batting: RHB António Martínez
|
0-0: Called Strike 0-1: Foul Ball, location: 2F 0-2: Ball 1-2: Ball 2-2: Ball 3-2: Fly out, F6 (Popup, 6M)
|
Bottom of the 3rd over - 0 runs, 0 hits, 0 errors, 0 left on base; Chicago 6 - Wizarding 2 |
TOP OF THE 4TH |
Chicago Gold Sox batting - Pitching for Wizarding Express : RHP Gabe Stephenson
|
Batting: LHB Stanley Belote
|
0-0: Foul Ball, location: 2F 0-1: Foul Ball, location: 2F 0-2: Ball 1-2: Ball 2-2: Ball 3-2: Ground out U3 (Groundball, 3)
|
Batting: LHB Noel Ballard
|
0-0: Ground out U3 (Groundball, 34)
|
Batting: LHB Melvin Castro
|
0-0: Called Strike 0-1: Ball 1-1: Ball 2-1: Foul Ball, location: 2F 2-2: Foul Ball, location: 2F 2-2: Ball 3-2: Ground out 4-3 (Groundball, 34)
|
Top of the 4th over - 0 runs, 0 hits, 0 errors, 0 left on base; Chicago 6 - Wizarding 2 |
BOTTOM OF THE 4TH |
Wizarding Express batting - Pitching for Chicago Gold Sox : RHP Gordon Neugebauer
|
Batting: LHB David Breitling
|
0-0: Called Strike 0-1: Ball 1-1: DOUBLE (Groundball, 5L)
|
Batting: SHB Fernando Sánchez
|
0-0: Called Strike 0-1: Fly out, F8 (Flyball, 89D) Runner from 2nd tags up, SAFE at 3rd, no throw
|
Batting: RHB Rafael Arredondo
|
0-0: Ball 1-0: Fly out, F9 (Flyball, 9) Runner from 3rd tags up, OUT at HOME
|
Bottom of the 4th over - 0 runs, 1 hit, 0 errors, 0 left on base; Chicago 6 - Wizarding 2 |
TOP OF THE 5TH |
Chicago Gold Sox batting - Pitching for Wizarding Express : RHP Gabe Stephenson
|
Pitching: LHP Eijiro Takahashi
|
|
Batting: LHB Dewitt Hopper
|
0-0: Ground out 4-3 (Groundball, 4)
|
Batting: SHB Lupo Cotto
|
0-0: Called Strike 0-1: Foul Ball, location: 2F 0-2: Strikes out swinging
|
Batting: LHB Ricardo Collazo
|
0-0: Called Strike 0-1: Ball 1-1: Swinging Strike 1-2: Ball 2-2: Ball 3-2: Base on Balls
|
Batting: LHB Eddie Flynn
|
0-0: Ball Ricardo Collazo steals 2nd base 1-0: Called Strike 1-1: Swinging Strike 1-2: Ball 2-2: Ball 3-2: Strikes out looking
|
Top of the 5th over - 0 runs, 0 hits, 0 errors, 1 left on base; Chicago 6 - Wizarding 2 |
BOTTOM OF THE 5TH |
Wizarding Express batting - Pitching for Chicago Gold Sox : RHP Gordon Neugebauer
|
Batting: RHB Frank Grimes
|
0-0: Foul Ball, location: 2F 0-1: Fly out, F8 (Flyball, 8LXD)
|
Batting: SHB Jake Richardson
|
0-0: Ball 1-0: Foul Ball, location: 2F 1-1: Ball 2-1: Ground out 6-3 (Groundball, 4MS)
|
Batting: LHB José Corona
|
0-0: Called Strike 0-1: Ball 1-1: SINGLE (Groundball, 5S) (infield hit)
|
Batting: SHB Salvador Trevino
|
0-0: Ball 1-0: Foul Ball, location: 2F 1-1: Called Strike 1-2: Foul Ball, location: 2F 1-2: Ground out 4-3 (Groundball, 34)
|
Bottom of the 5th over - 0 runs, 1 hit, 0 errors, 1 left on base; Chicago 6 - Wizarding 2 |
TOP OF THE 6TH |
Chicago Gold Sox batting - Pitching for Wizarding Express : LHP Eijiro Takahashi
|
Batting: RHB Zeus Preckwinkle
|
0-0: Ball 1-0: Called Strike 1-1: Swinging Strike 1-2: Foul Ball, location: 2F 1-2: Ball 2-2: Fly out, F7 (Flyball, 7S)
|
Batting: RHB Matt Love
|
0-0: Foul Ball, location: 2F 0-1: Swinging Strike 0-2: SINGLE (Groundball, 34D)
|
Batting: LHB Stanley Belote
|
0-0: Called Strike 0-1: Foul Ball, location: 2F 0-2: Ball 1-2: Ball 2-2: Foul Ball, location: 2F 2-2: Fielders Choice at 2nd, 4-6 (Groundball, 34)
|
Batting: LHB Noel Ballard
|
0-0: Called Strike Throwing error on steal attempt, E2 Stanley Belote to third 0-1: Ball 1-1: Ball 2-1: Ball 3-1: Fly out, F7 (Flyball, 7LSF)
|
Top of the 6th over - 0 runs, 1 hit, 1 error, 1 left on base; Chicago 6 - Wizarding 2 |
BOTTOM OF THE 6TH |
Wizarding Express batting - Pitching for Chicago Gold Sox : RHP Gordon Neugebauer
|
Batting: LHB Nathan Tanner
|
0-0: Ball 1-0: Called Strike 1-1: Swinging Strike 1-2: Strikes out swinging
|
Pitching: RHP Alberto Mendoza
|
|
Batting: RHB António Martínez
|
0-0: Ball 1-0: Ball 2-0: Ball 3-0: Ground out 6-3 (Groundball, 6)
|
Batting: LHB David Breitling
|
0-0: DOUBLE (Flyball, 78D)
|
Batting: SHB Fernando Sánchez
|
0-0: Called Strike 0-1: Ball 1-1: Fly out, F8 (Flyball, 78D)
|
Bottom of the 6th over - 0 runs, 1 hit, 0 errors, 1 left on base; Chicago 6 - Wizarding 2 |
TOP OF THE 7TH |
Chicago Gold Sox batting - Pitching for Wizarding Express : LHP Eijiro Takahashi
|
Batting: LHB Melvin Castro
|
0-0: Ball 1-0: Ground out U3 (Groundball, 3)
|
Batting: LHB Dewitt Hopper
|
0-0: Ball 1-0: Swinging Strike 1-1: Called Strike 1-2: Foul Ball, location: 2F 1-2: Ball 2-2: Ball 3-2: Foul Ball, location: 2F 3-2: Foul Ball, location: 2F 3-2: Foul Ball, location: 2F 3-2: Base on Balls
|
Batting: SHB Lupo Cotto
|
0-0: Called Strike 0-1: Reached on error, E6 (Groundball, 6S) Dewitt Hopper to second
|
Batting: LHB Ricardo Collazo
|
0-0: Ball 1-0: Called Strike 1-1: Called Strike 1-2: Ball 2-2: Strikes out swinging
|
Pitching: RHP Travis Carson
|
|
Batting: LHB Eddie Flynn
|
0-0: Called Strike 0-1: Ball 1-1: Ball 2-1: Ball 3-1: Foul Ball, location: 2F 3-2: Ground out U3 (Groundball, 3S)
|
Top of the 7th over - 0 runs, 0 hits, 1 error, 2 left on base; Chicago 6 - Wizarding 2 |
BOTTOM OF THE 7TH |
Wizarding Express batting - Pitching for Chicago Gold Sox : RHP Alberto Mendoza
|
Batting: RHB Rafael Arredondo
|
0-0: SINGLE (Line Drive, 56D)
|
Batting: RHB Frank Grimes
|
0-0: Ball 1-0: Called Strike 1-1: Called Strike 1-2: Ball 2-2: Strikes out swinging
|
Batting: SHB Jake Richardson
|
0-0: Swinging Strike 0-1: Foul Ball, location: 2F 0-2: Ball 1-2: Strikes out swinging
|
Batting: LHB José Corona
|
0-0: Fielders Choice at 2nd, 6-4 (Groundball, 6)
|
Bottom of the 7th over - 0 runs, 1 hit, 0 errors, 1 left on base; Chicago 6 - Wizarding 2 |
TOP OF THE 8TH |
Chicago Gold Sox batting - Pitching for Wizarding Express : RHP Travis Carson
|
Batting: RHB Zeus Preckwinkle
|
0-0: Ground out 4-3 (Groundball, 4)
|
Batting: RHB Matt Love
|
0-0: Swinging Strike 0-1: Called Strike 0-2: Ball 1-2: SINGLE (Groundball, 4MD)
|
Batting: LHB Stanley Belote
|
0-0: Swinging Strike 0-1: Foul Ball, location: 2F 0-2: Ball 1-2: Ball 2-2: Fly out, F8 (Flyball, 8LM)
|
Batting: LHB Noel Ballard
|
0-0: Swinging Strike Matt Love steals 2nd base 0-1: Foul Ball, location: 2F 0-2: Ball 1-2: Ground out 6-3 (Groundball, 56)
|
Top of the 8th over - 0 runs, 1 hit, 0 errors, 1 left on base; Chicago 6 - Wizarding 2 |
BOTTOM OF THE 8TH |
Wizarding Express batting - Pitching for Chicago Gold Sox : RHP Alberto Mendoza
|
Batting: SHB Salvador Trevino
|
0-0: Called Strike 0-1: Fly out, F6 (Popup, 6)
|
Batting: LHB Nathan Tanner
|
0-0: Ball 1-0: Foul Ball, location: 2F 1-1: Fly out, F9 (Flyball, 9S)
|
Batting: RHB António Martínez
|
0-0: SINGLE (Groundball, 6MD)
|
Batting: LHB David Breitling
|
0-0: Ball 1-0: Foul Ball, location: 2F 1-1: Ball 2-1: Ball 3-1: Base on Balls António Martínez to second
|
Batting: SHB Fernando Sánchez
|
0-0: Called Strike 0-1: Ground out 4-3 (Groundball, 34)
|
Bottom of the 8th over - 0 runs, 1 hit, 0 errors, 2 left on base; Chicago 6 - Wizarding 2 |
TOP OF THE 9TH |
Chicago Gold Sox batting - Pitching for Wizarding Express : RHP Travis Carson
|
Batting: LHB Melvin Castro
|
0-0: Ball 1-0: Foul Ball, location: 2F 1-1: Ball 2-1: Called Strike 2-2: Ball 3-2: Fly out, F7 (Flyball, 7D)
|
Batting: LHB Dewitt Hopper
|
0-0: Ball 1-0: Fly out, F9 (Flyball, 9)
|
Batting: SHB Lupo Cotto
|
0-0: Called Strike 0-1: Called Strike 0-2: Foul Ball, location: 2F 0-2: Ball 1-2: Ball 2-2: Foul Ball, location: 2F 2-2: Ball 3-2: Base on Balls
|
Batting: LHB Ricardo Collazo
|
0-0: Called Strike 0-1: Foul Ball, location: 2F 0-2: Foul Ball, location: 2F 0-2: Strikes out looking
|
Top of the 9th over - 0 runs, 0 hits, 0 errors, 1 left on base; Chicago 6 - Wizarding 2 |
BOTTOM OF THE 9TH |
Wizarding Express batting - Pitching for Chicago Gold Sox : RHP Alberto Mendoza
|
Batting: RHB Rafael Arredondo
|
0-0: SOLO HOME RUN (Flyball, 78XD), Distance : 376 ft
|
Batting: RHB Frank Grimes
|
0-0: Ball 1-0: Ball 2-0: Foul Ball, location: 2F 2-1: SINGLE (Line Drive, 6D)
|
Batting: SHB Jake Richardson
|
0-0: Ball 1-0: Ball 2-0: Grounds into double play, 5-4-3 (Groundball, 6)
|
Batting: LHB José Corona
|
0-0: Ground out 4-3 (Groundball, 4)
|
Bottom of the 9th over - 1 run, 2 hits, 0 errors, 0 left on base; Chicago 6 - Wizarding 3 |
|